AoeStats
← pity

Nomad

509986563Analyzed
2v2 RM · 4d ago on Sep 28, 2026· 52m 51s· 4 players
Game mode
Random Map
Map size
176×176
Population
200
Speed
Normal
Resources
Standard
Victory
Conquest
Starting age
Dark Age
Ending age
Imperial Age
RankedLock teamsTeams togetherTeam positionsShared explorationLock speedFull tech treeHidden civsTurbo modeCheats
Victory
Defeat
🇦🇷 Japanese · Argentina
1385
+12
1226
+18
🇺🇸 Danes · United States
1320
-17
🇺🇸 Varangians · United States
1242
-13
Tommy Kangaroo
6:50 Loom
13:31 Feudal Age
14:05 Double-Bit Axe
18:53 Castle Age
19:52 Bow Saw
19:36 Stone Mining
19:38 Gold Mining
22:42 Fishing Lines
23:24 Arson
23:57 Forging
23:47 Scale Mail Armor
23:46 Horse Collar
25:40 Fletching
26:37 Bodkin Arrow
28:13 Gillnets
31:01 Ballistics
37:08 Imperial Age
35:43 Squires
36:00 Chain Mail Armor
37:38 Iron Casting
38:13 Conscription
38:24 Plate Mail Armor
39:06 Elite Varangian Guard
47:09 Blast Furnace
47:05 Wheelbarrow
52:04 Hand Cart
Pierogi King
5:51 Loom
14:03 Feudal Age
14:55 Double-Bit Axe
17:20 Fishing Lines
19:47 Castle Age
18:11 Horse Collar
19:12 Arson
19:28 Scale Mail Armor
19:52 Horse Collar
20:08 Gold Mining
20:22 Town Watch
20:49 Bow Saw
20:43 Squires
21:00 Chain Mail Armor
25:14 Wheelbarrow
30:44 Forging
36:06 Fletching
50:27 Imperial Age
50:02 Devotion
51:22 Elite Jarl
52:58 Iron Casting
pity
6:00 Loom
14:25 Feudal Age
15:24 Town Watch
16:32 Double-Bit Axe
21:44 Castle Age
19:36 Fletching
19:47 Horse Collar
19:58 Gold Mining
20:00 Stone Mining
21:05 Fishing Lines
22:46 Bodkin Arrow
25:50 Town Patrol
26:26 Wheelbarrow
26:46 Medium Warships
26:44 Padded Archer Armor
27:06 Bow Saw
29:34 Heavy Plow
31:04 Forging
30:54 Scale Mail Armor
30:58 Squires
30:44 Gambesons
36:33 Imperial Age
34:21 Chain Mail Armor
35:02 Ballistics
35:41 Iron Casting
34:32 Crossbowman
35:00 Arson
35:54 Leather Archer Armor
36:51 Thumb Ring
38:25 Chemistry
37:32 Bracer
38:18 Conscription
38:23 Arbalester
41:15 Blast Furnace
42:24 Plate Mail Armor
43:09 Gold Shaft Mining
42:02 Elite Samurai
43:22 Ring Archer Armor
44:46 Two-Man Saw
48:10 Hand Cart
47:55 Pikeman
47:58 Man-at-Arms
48:42 Long Swordsman
49:24 Two-Handed Swordsman
49:58 Two-Handed Swordsman
50:08 Two-Handed Swordsman
50:33 Two-Handed Swordsman
51:18 Champion
51:35 Champion
Que sandra la concha de tu madre
9:19 Loom
13:02 Feudal Age
13:29 Double-Bit Axe
16:15 Horse Collar
19:57 Bloodlines
23:53 Castle Age
22:30 Scale Barding Armor
23:20 Gold Mining
25:10 Chain Barding Armor
25:16 Husbandry
26:24 Forging
40:50 Wheelbarrow
40:03 Town Watch
46:12 Light Cavalry
49:24 Imperial Age
48:16 Iron Casting
49:21 Cavalier
50:30 Hussar
53:37 Plate Barding Armor
Connection lost

Rejoining the realm…

Still unreachable

The connection could not be restored.

Session expired

The server has moved on; the page needs a fresh start.